 Dungeon Crawl Stone Soup version 0.26-a0-215-g1b87330c0f (webtiles) character file.

Game seed: 1305803286150719349

266 BritishOli the Slasher (level 6, -4/47 HPs)
             Began as a Demonspawn Gladiator on July 6, 2020.
             Slain by Crazy Yiuf
             ... wielding a +3 quarterstaff of chaos
              (8 damage)
             ... on level 2 of the Dungeon.
             The game lasted 00:03:21 (3063 turns).

BritishOli the Slasher (Demonspawn Gladiator)       Turns: 3063, Time: 00:03:22

Health: -4/47      AC:  4    Str: 17    XL:     6   Next: 0%
Magic:  6/6        EV:  4    Int:  9    God:
Gold:   96         SH:  0    Dex: 14    Spells: 5/5 levels left

rFire    . . .     SeeInvis .   a - +0 long sword
rCold    . . .     Faith    .   i - +2 tower shield
rNeg     . . .     Spirit   .   b - +0 leather armour
rPois    .         Reflect  .   c - +1 hat
rElec    .         Harm     .   (no cloak)
rCorr    .                      (no gloves)
MR       .....                  (no boots)
Stlth    ..........             (no amulet)
HPRegen  0.15/turn              h - ring of attention (curse)
MPRegen  0.10/turn              (no ring)

@: petrifying, very slow
A: antennae 1, talons 2
a: no special abilities


You were on level 2 of the Dungeon.
You were not hungry.

You visited 1 branch of the dungeon, and saw 2 of its levels.

You collected 96 gold pieces.

Inventory:

Hand Weapons
 a - a +0 long sword (weapon)
Missiles
 d - 3 throwing nets (quivered)
Armour
 b - a +0 leather armour (worn)
 c - a +1 hat (worn)
 i - a +2 tower shield (worn)
Jewellery
 h - a cursed ring of attention (left hand)
Scrolls
 j - a scroll of magic mapping {unknown}
 l - a scroll of remove curse {unknown}
 m - a scroll of random uselessness {unknown}
 o - a scroll of identify
Potions
 e - a potion of haste {unknown}
 g - 3 potions of curing
 k - 2 potions of flight {unknown}
 n - a potion of might {unknown}
 p - 2 potions of lignification {unknown}
Comestibles
 f - 3 rations


   Skills:
 + Level 3.2 Fighting
 * Level 4.3 Long Blades
 - Level 2.1 Throwing
 + Level 1.8 Armour
 - Level 3.0 Dodging
 + Level 1.7 Shields


You had 5 spell levels left.
You didn't know any spells.
Your spell library was empty.

Dungeon Overview and Level Annotations

Branches:
Dungeon (2/15)

Altars:
Elyvilon
Fedhas
Vehumet

Annotations:
D:2 Crazy Yiuf


Innate Abilities, Weirdness & Mutations

You have a pair of small antennae on your head.
You have razor-sharp toenails.


Message History

You block Crazy Yiuf's attack.
You closely miss Crazy Yiuf. Your kick misses Crazy Yiuf.
Crazy Yiuf is heavily wounded.
Crazy Yiuf cries, "Race stair meccalolo!"
You block Crazy Yiuf's attack.
You hit Crazy Yiuf. You claw Crazy Yiuf.
Crazy Yiuf is almost dead.
Crazy Yiuf says, "Lay seventy foot!"
Crazy Yiuf hits you with a +3 quarterstaff of chaos!
Crazy Yiuf draws strength from your wounds!
Crazy Yiuf hits you with a +3 quarterstaff of chaos.
* * * LOW HITPOINT WARNING * * *
You are slowing down.
Unknown command.
You hit Crazy Yiuf.
Crazy Yiuf is almost dead.
Crazy Yiuf hits you with a +3 quarterstaff of chaos!
* * * LOW HITPOINT WARNING * * *
You convulse!
You die...

#.....## #.#
##.....###.#
...........#
###....#####
#####
###.####
#..)# ))..#
#...#
###.#######
...
##........#
#g#
....#####.#
♣♣@♣ ##..#
#.# ♣.♣♣
#..#####.##
♣♣.♣
##..#......#
♣.♣♣
##..#.###.##
♣♣.♣♣
##....# #.#
♣...♣♣
#.....###.#
♣....♣
..........#
##..##
#.#.#.#####
#....#


You could see Crazy Yiuf.

Vanquished Creatures
  Sigmund (D:2)
  Robin (D:1)
  2 adders (D:2)
  An ooze (D:1)
  3 worms (D:2)
  A dart slug (D:1)
  2 leopard geckos
  A ball python (D:2)
  3 giant cockroaches
  11 goblins
  2 hobgoblins
  3 jackals (D:2)
  A quokka (D:2)
  3 bats
  6 frilled lizards
  11 kobolds
  4 rats
56 creatures vanquished.

Notes
Turn   | Place    | Note
-------+----------+-------------------------------------------
     0 | D:1      | BritishOli the Demonspawn Gladiator began the quest for the
                  | Orb.
     0 | D:1      | Reached XP level 1. HP: 16/16 MP: 1/1
    36 | D:1      | Gained mutation: You have a pair of small antennae on your
                  | head. [demonic ancestry]
    36 | D:1      | Reached XP level 2. HP: 22/22 MP: 2/2
   111 | D:1      | Reached skill level 3 in Long Blades
  1195 | D:2      | Found a white marble altar of Elyvilon.
  1229 | D:2      | Gained mutation: You have sharp toenails. [demonic
                  | ancestry]
  1229 | D:2      | Reached XP level 3. HP: 14/28 MP: 3/3
  1562 | D:2      | Found a blossoming altar of Fedhas.
  1646 | D:2      | Noticed Sigmund
  2141 | D:2      | Noticed Robin
  2158 | D:1      | Killed Robin
  2158 | D:1      | Gained mutation: You have razor-sharp toenails. [demonic
                  | ancestry]
  2158 | D:1      | Reached XP level 4. HP: 29/34 MP: 4/4
  2211 | D:2      | Reached skill level 1 in Armour
  2395 | D:2      | Found a radiant altar of Vehumet.
  2501 | D:2      | Killed Sigmund
  2501 | D:2      | Reached skill level 4 in Long Blades
  2501 | D:2      | Reached skill level 1 in Shields
  2501 | D:2      | Reached XP level 5. HP: 23/41 MP: 5/5
  2987 | D:2      | Reached XP level 6. HP: 47/47 MP: 6/6
  3001 | D:2      | Found a runed translucent door.
  3002 | D:2      | Noticed Crazy Yiuf
  3063 | D:2      | Slain by Crazy Yiuf

Illustrated notes

Levels and vault maps discovered:
D:1:      co_arrival_square_in_a_square_in_a_square, layout_loops_corners,
          minmay_vboxes
D:2:      layout_loops_corners, elyvilon_altar_5, old_standard_altar,
          old_standard_altar, first_ration, uniq_sigmund, uniq_robin,
          uniq_crazy_yiuf_cottage

Skill      XL: |  1  2  3  4 |
---------------+-------------+-----
Long Blades    | 3 4 |  4.3
Throwing       | 2 |  2.1
Dodging        | 3 |  3.0
Armour         | 1 |  1.8
Fighting       | 3 |  3.2
Shields        | 1 |  1.7

Action                   |  1- 3 |  4- 6 || total
-------------------------+-------+-------++-------
Melee: Long sword        |    88 |    45 ||   133
       Kick              |    14 |    12 ||    26
  Use: Scroll            |     1 |       ||     1
  Eat: Ration            |     1 |     1 ||     2
Armor: Leather armour    |    38 |     2 ||    40
Dodge: Dodged            |    52 |     3 ||    55
Block: Tower shield      |    81 |    26 ||   107
       Rpst.: Long sword |    19 |     1 ||    20

Table legend:
 A = Non-vault XP
 B = Vault XP
 C = Vault XP percentage of total XP
 D = Non-vault monster count
 E = Vault monster count
 F = Vault count percentage of total count
                 A         B        C        D         E       F
            +---------+---------+-------+---------+---------+-------
      Total |      99 |     282 |  74.0 |      40 |      16 |  28.6
            +---------+---------+-------+---------+---------+-------
        D:1 |      26 |      30 |  53.6 |      14 |       8 |  36.4
        D:2 |      73 |     252 |  77.5 |      26 |       8 |  23.5
            +---------+---------+-------+---------+---------+-------
